 Dungeon Crawl Stone Soup version 0.20.1-1-g8b1a95d (webtiles) character file.

107 Internecine the Vexing (level 4, -18/44 HPs)
             Began as an Ogre Arcane Marksman on Oct 3, 2017.
             Demolished by a gnoll
             ... wielding a +0 halberd
              (19 damage)
             ... on level 2 of the Dungeon.
             The game lasted 00:12:21 (1467 turns).

Internecine the Vexing (Ogre Arcane Marksman)       Turns: 1467, Time: 00:12:22

Health: -18/44     AC:  4    Str: 14    XL:     4   Next: 86%
Magic:  4/5        EV: 10    Int: 14    God:
Gold:   188        SH:  0    Dex: 10    Spells: 2/5 levels left

rFire    . . .     SeeInvis .   a - +0 hand crossbow
rCold    . . .     Gourm    .   (no shield)
rNeg     + . .     Faith    +   e - +0 robe
rPois    .         Spirit   .   l - +1 hat
rElec    .         Reflect  .   (no cloak)
rCorr    .         Harm     .   (gloves unavailable)
MR       .....                  (boots unavailable)
Stlth    +.........             s - amulet of faith (curse)
Regen    0.2/turn               u - ring of positive energy
MPRegen  0.1/turn               (no ring)

@: no status effects
A: unfitting armour, tough skin 1
a: no special abilities


You were on level 2 of the Dungeon.
You were hungry.

You visited 1 branch of the dungeon, and saw 2 of its levels.

You collected 188 gold pieces.

Inventory:

Hand Weapons
 a - a +0 hand crossbow (weapon)
 b - a +0 spear
 q - a +0 spear
 y - a +0 flail
Missiles
 m - 21 sling bullets
 o - 42 stones (quivered)
 p - 23 arrows
 w - 4 tomahawks
 x - 2 throwing nets
Armour
 e - a +0 robe (worn)
 l - a +1 hat (worn)
Jewellery
 s - a cursed amulet of faith (around neck)
 u - a ring of positive energy (left hand)
Scrolls
 h - a scroll of identify {unknown}
 j - a scroll of teleportation {unknown}
 t - a scroll of fog {unknown}
 v - a scroll of immolation {unknown}
Potions
 g - a potion of agility {unknown}
 k - 4 potions of heal wounds {unknown}
 n - a potion of degeneration {unknown}
Books
 c - a book of Debilitation

   Spells                             Type                      Level
   a - Corona                         Hexes                        1
   b - Slow                           Hexes                        2
   c - Inner Flame                    Hexes/Fire                   3
   d - Portal Projectile              Hexes/Translocation          3
   e - Cause Fear                     Hexes                        4
   f - Leda's Liquefaction            Hexes/Earth                  4
Comestibles
 f - 2 bread rations
 i - 7 chunks of flesh
 r - a royal jelly


   Skills:
 + Level 2.8 Fighting
 + Level 0.2 Polearms
 + Level 2.7 Crossbows
 + Level 2.1 Dodging
 + Level 1.2 Spellcasting
 + Level 3.2 Hexes


You had 2 spell levels left.
You knew the following spells:

 Your Spells              Type           Power        Failure   Level  Hunger
a - Corona                Hex            #......      7%          1    ##.....
b - Slow                  Hex            #.......     10%         2    ###....


Dungeon Overview and Level Annotations

Branches:
Dungeon (2/15)

Altars:


Innate Abilities, Weirdness & Mutations

You are too large for most types of armour.
You have tough skin. (AC +1)


Message History

Press: ? - help, Shift-Dir - straight line, f/p - gnoll
Aim: a gnoll, wielding a whip (almost dead)
You throw a stone. The stone hits the gnoll.
The gnoll is almost dead.
The gnoll hits you from afar with a halberd.
* * * LOW HITPOINT WARNING * * *
The gnoll barely misses you.
Unknown command.
Throwing (i - inventory. (,) - cycle):
o - 44 stones (quivered)
Press: ? - help, Shift-Dir - straight line, f/p - gnoll
Aim: a gnoll, wielding a whip (almost dead)
You throw a stone. The stone hits the gnoll.
You kill the gnoll!
The gnoll closely misses you.
Throwing (i - inventory. (,) - cycle):
o - 43 stones (quivered)
Press: ? - help, Shift-Dir - straight line, f - gnoll
Aim: a gnoll, wielding a halberd You throw a stone.
The stone barely misses the gnoll.
The gnoll hits you from afar with a halberd!!
You die...

#.##................. #..
.......#........# . $.#
#####..#......... .. ...
..##..#......... .(.
................ ..
................
#.####...............
#.g()#...............
####@................
##..........<.....
########........<........
#........................
#..........#.............
#...............#######..
#......).[.###### ###
#..........# #..........#


You could see a gnoll.

Vanquished Creatures
  6 gnolls (D:2)
  A worm (D:2)
  A leopard gecko (D:1)
  3 bats (D:1)
  6 giant cockroaches
  4 hobgoblins
  2 jackals (D:1)
  A quokka (D:2)
  4 frilled lizards
  5 goblins
  6 kobolds
  9 rats
  2 fungi (D:1)
50 creatures vanquished.

Notes
Turn   | Place    | Note
-------+----------+-------------------------------------------
     0 | D:1      | Internecine the Ogre Arcane Marksman began the quest for the Orb.
     0 | D:1      | Reached XP level 1. HP: 19/19 MP: 2/2
     3 | D:1      | Noticed an electric eel
     4 | D:1      | Noticed an electric eel
   295 | D:1      | Reached skill level 3 in Hexes
   308 | D:1      | Reached XP level 2. HP: 25/27 MP: 3/3
   719 | D:1      | Reached XP level 3. HP: 31/33 MP: 4/4
   992 | D:2      | Learned a level 2 spell: Slow
  1350 | D:2      | Reached XP level 4. HP: 22/44 MP: 5/5
  1463 | D:2      | HP: 1/44 [gnoll/whip (4)]
  1467 | D:2      | Demolished by a gnoll

Skill      XL: |  1  2  3 |
---------------+----------+-----
Hexes          | 3 |  3.2
Dodging        | 2 |  2.1
Crossbows      | 2 |  2.7
Fighting       | 2 |  2.8
Polearms       | |  0.2
Spellcasting   | |  1.2

Action                   |  1- 3 |  4- 6 || total
-------------------------+-------+-------++-------
Melee: Spear             |    38 |       ||    38
 Fire: Hand crossbow     |    89 |    16 ||   105
Throw: Stone             |       |     3 ||     3
 Cast: Corona            |       |     1 ||     1
  Eat: Chunk             |     1 |       ||     1
Armor: Robe              |    22 |     2 ||    24
Dodge: Dodged            |    26 |     9 ||    35
